General information
- name: BNet
- type: Ladder team game (AT/RT)
- host: Battle.net
- saver: DIRTMCWORDUP
map: Avalanche
- players: 4
- length: 15:55
- speed: Fast
- version: 1.21 W3XP
- replay type:

» download(103 KB)
Players
team 1 (loser)
I.run.Naked_ (
blue | 69 APM | 1094 actions | 15:53)
3 Demon Hunter
2 Mana Burn
1 Evasion
1 Shadow Hunter
1 Hex
1 Naga Sea Witch
1 Frost Arrows
» actions
| Basic commands | 33 | |
| Build / train | 57 | |
| Enter build submenu | 17 | |
| Enter hero's abilities submenu | 5 | |
| Give item / drop item | 1 | |
| Remove unit from queue | 5 | |
| Right click | 464 | |
| Select / deselect | 362 | |
| Use ability | 150 | |
1094 total
» units
| Wisp | 27 | |
| Archer | 2 | |
| Faerie Dragon | 4 | |
33 total
» buildings
| Altar of Elders | 1 | |
| Moon Well | 8 | |
| Ancient of War | 1 | |
| Ancient of Wonders | 2 | |
| Tree of Ages | 2 | |
| Ancient of Wind | 1 | |
15 total
» build order
00:06 Altar of Elders
00:22 Moon Well
01:15 Ancient of War
01:35 Ancient of Wonders
02:00 Moon Well
05:46 Moon Well
05:46 Moon Well
05:49 Tree of Ages
07:49 Tree of Ages
09:18 Moon Well
09:19 Moon Well
11:04 Moon Well
11:17 Ancient of Wonders
11:22 Ancient of Wind
11:32 Moon Well
» items
| Healing Salve | 2 | |
| Lesser Clarity Potion | 2 | |
| Scroll of Speed | 2 | |
| Potion of Healing | 2 | |
| Scroll of Town Portal | 1 | |
| Staff of Preservation | 1 | |
10 total
IAMJEWISH (
yellow | 91 APM | 1449 actions | 15:50)
3 Blademaster
2 Wind Walk
1 Critical Strike
2 Shadow Hunter
2 Healing Wave
» actions
| Assign group hotkey | 30 | |
| Basic commands | 15 | |
| Build / train | 56 | |
| Enter build submenu | 12 | |
| Enter hero's abilities submenu | 5 | |
| Give item / drop item | 2 | |
| Remove unit from queue | 1 | |
| Right click | 762 | |
| Select / deselect | 255 | |
| Select group hotkey | 235 | |
| Use ability | 76 | |
1449 total
» units
| Peon | 11 | |
| Grunt | 11 | |
| Raider | 7 | |
| Spirit Walker | 4 | |
33 total
» upgrades
| Berserker Strength | 1 | |
| Ensnare | 1 | |
| Spirit Walker Training | 1 | |
3 total
» buildings
| Altar of Storms | 1 | |
| Orc Burrow | 6 | |
| Barracks | 1 | |
| Voodoo Lounge | 1 | |
| Stronghold | 1 | |
| Beastiary | 1 | |
| Spirit Lodge | 1 | |
12 total
» build order
00:02 Altar of Storms
00:16 Orc Burrow
00:36 Barracks
01:21 Orc Burrow
02:23 Voodoo Lounge
02:53 Stronghold
04:44 Orc Burrow
05:59 Beastiary
07:13 Spirit Lodge
07:56 Orc Burrow
10:53 Orc Burrow
10:54 Orc Burrow
» items
| Lesser Clarity Potion | 2 | |
| Healing Salve | 2 | |
| Scroll of Town Portal | 1 | |
| Potion of Healing | 1 | |
| Scroll of Speed | 1 | |
7 total
team 2 (winner)
DIRTMCWORDUP (
green | 127 APM | 2021 actions | 15:55)
3 Demon Hunter
2 Mana Burn
1 Evasion
3 Keeper of the Grove
2 Entangling Roots
1 Thorns Aura
» actions
| Assign group hotkey | 20 | |
| Basic commands | 29 | |
| Build / train | 44 | |
| Enter build submenu | 13 | |
| Enter hero's abilities submenu | 6 | |
| Right click | 1035 | |
| Select / deselect | 195 | |
| Select group hotkey | 611 | |
| Use ability | 68 | |
2021 total
» units
| Wisp | 15 | |
| Archer | 6 | |
| Dryad | 5 | |
| Druid of the Claw | 2 | |
28 total
» upgrades
| Druid of the Claw Training | 2 | |
| Abolish Magic | 1 | |
| Ultravision | 1 | |
4 total
» buildings
| Altar of Elders | 1 | |
| Moon Well | 6 | |
| Ancient of War | 2 | |
| Tree of Ages | 1 | |
| Hunter's Hall | 1 | |
| Ancient of Lore | 2 | |
| Ancient of Wonders | 1 | |
| Tree of Eternity | 1 | |
15 total
» build order
00:14 Altar of Elders
00:18 Moon Well
01:21 Ancient of War
01:51 Ancient of War
02:05 Moon Well
04:45 Tree of Ages
05:22 Hunter's Hall
05:49 Moon Well
07:10 Ancient of Lore
07:12 Ancient of Lore
07:15 Ancient of Wonders
09:23 Tree of Eternity
11:15 Moon Well
14:37 Moon Well
14:38 Moon Well
» items
| Staff of Preservation | 1 | |
| Potion of Healing | 1 | |
2 total
Mata. (
red | 180 APM | 2858 actions | 15:53)
2 Archmage
1 Summon Water Elemental
1 Brilliance Aura
2 Mountain King
1 Storm Bolt
1 Bash
» actions
| Assign group hotkey | 245 | |
| Basic commands | 23 | |
| Build / train | 54 | |
| ESC pressed | 1 | |
| Enter build submenu | 33 | |
| Enter hero's abilities submenu | 4 | |
| Right click | 1369 | |
| Select / deselect | 432 | |
| Select group hotkey | 601 | |
| Use ability | 96 | |
2858 total
» units
| Peasant | 12 | |
| Footman | 11 | |
| Sorceress | 5 | |
| Priest | 3 | |
31 total
» upgrades
» buildings
| Altar of Kings | 1 | |
| Barracks | 1 | |
| Farm | 8 | |
| Lumber Mill | 1 | |
| Scout Tower | 15 | |
| Guard Tower | 10 | |
| Keep | 1 | |
| Arcane Sanctum | 2 | |
| Town Hall | 1 | |
40 total
» build order
00:04 Altar of Kings
00:19 Barracks
00:21 Farm
00:57 Farm
01:01 Farm
01:06 Lumber Mill
02:21 Scout Tower
02:21 Scout Tower
02:38 Scout Tower
03:10 Guard Tower
03:10 Guard Tower
03:26 Farm
03:27 Farm
04:40 Keep
07:26 Arcane Sanctum
07:29 Arcane Sanctum
10:17 Farm
10:17 Farm
10:17 Farm
13:15 Scout Tower
13:16 Scout Tower
13:16 Scout Tower
13:17 Scout Tower
13:24 Scout Tower
13:24 Scout Tower
13:53 Guard Tower
13:53 Guard Tower
14:33 Scout Tower
14:33 Scout Tower
14:34 Scout Tower
14:34 Scout Tower
14:59 Scout Tower
15:12 Guard Tower
15:12 Guard Tower
15:35 Town Hall
15:43 Guard Tower
Chat log
(00:07 / Allies) Mata.: this is weird as fuck
(00:11 / Allies) Mata.: the background fades in for me
(00:16 / Allies) DIRTMCWORDUP: ?
(00:27 / Allies) Mata.: when game starts
(00:29 / Allies) DIRTMCWORDUP: dango
(00:29 / Allies) Mata.: the background is black
(00:41 / Allies) Mata.: ne
(00:59 / Allies) DIRTMCWORDUP: have you d/l its always sunny in philadelphia yet.
(01:09 / Allies) Mata.: nah
(01:12 / Allies) DIRTMCWORDUP: show is mad good
(01:18 / Allies) Mata.: seen a few epos
(01:28 / Allies) DIRTMCWORDUP: hahaha
(01:29 / Allies) Mata.: dudes sent
(01:34 / Allies) Mata.: this game is giong to be sweet
(01:40 / Allies) Mata.: how do we deal with this
(01:44 / Allies) DIRTMCWORDUP: i got mine
(01:56 / Allies) Mata.: if they sent towers though?
(02:00 / Allies) DIRTMCWORDUP: orc
(02:02 / Allies) DIRTMCWORDUP: he making rax
(02:04 / Allies) Mata.: oh ok
(02:14 / Allies) DIRTMCWORDUP: can you control my tree in his base maybe
(03:40 / Allies) Mata.: tped out
(04:14 / Allies) DIRTMCWORDUP: fvck
(05:43 / Allies) DIRTMCWORDUP: threat in my base neutralized
(05:50 / Allies) Mata.: as theirs
(05:56 / Allies) DIRTMCWORDUP: we got army
(05:57 / Allies) DIRTMCWORDUP: they dont
(05:59 / Allies) DIRTMCWORDUP: im teching
(06:02 / Allies) Mata.: i killed blue's buildings
(06:26 / Allies) Mata.: burn him or something
(06:50 / Allies) DIRTMCWORDUP: nice block
(07:54 / Allies) DIRTMCWORDUP: ughughugh intercepting
(09:30 / Allies) DIRTMCWORDUP: surr
(09:31 / Allies) Mata.: kill whatever tech blue has going
(10:12 / All) DIRTMCWORDUP: noob this isnt dota
(10:53 / Allies) Mata.: had to bail
(11:03 / Allies) DIRTMCWORDUP: do you have real unit or just footmen still
(11:41 / Allies) DIRTMCWORDUP: almost 100% sure they here
(11:41 / Allies) Mata.: i want to end ti before he gets lores up
(11:45 / Allies) Mata.: ok
(12:29 / Allies) Mata.: 5 milits sent
(12:40 / Allies) DIRTMCWORDUP: got bear form , bear coming
(12:57 / Allies) Mata.: focus flares
(14:16 / All) DIRTMCWORDUP: gg
(14:18 / All) DIRTMCWORDUP: thanks for playing
(15:13 / All) DIRTMCWORDUP: (heres where you quit)
(15:27 / All) DIRTMCWORDUP: bye!
(15:34 / Allies) DIRTMCWORDUP: manner spand
(15:51 / Allies) DIRTMCWORDUP: sent
(15:52 / All) DIRTMCWORDUP: gg